 Dungeon Crawl Stone Soup version 0.24.0-13-gcf9b319 (webtiles) character file.

Game seed: 703344606156793564, levelgen mode: deterministic

14 Bronimir the Digger (level 2, -1/22 HPs)
             Began as a Deep Dwarf Earth Elementalist on Apr 26, 2020.
             Slain by a quokka (2 damage)
             ... on level 2 of the Dungeon.
             The game lasted 00:01:43 (422 turns).

Bronimir the Digger (Deep Dwarf Earth Elementalist)  Turns: 422, Time: 00:01:43

Health: -1/22      AC:  3    Str: 11    XL:     2   Next: 31%
Magic:  4/5        EV: 12    Int: 15    God:
Gold:   35         SH:  0    Dex: 13    Spells: 4/5 levels left

rFire    . . .     SeeInvis .   i - -2 hand axe (curse)
rCold    . . .     Gourm    .   (no shield)
rNeg     . . .     Faith    .   h - +0 leather armour
rPois    .         Spirit   .   (no helmet)
rElec    .         Reflect  .   (no cloak)
rCorr    .         Harm     .   (no gloves)
MR       .....                  (no boots)
Stlth    ++........             (no amulet)
HPRegen  0.00/turn              (no ring)
MPRegen  0.09/turn              (no ring)

@: non-regenerating
A: damage resistance, heal wounds, sense surroundings 1, no regeneration
a: Heal Wounds


You were on level 2 of the Dungeon.
You were not hungry.

You visited 1 branch of the dungeon, and saw 2 of its levels.

You collected 35 gold pieces.

Inventory:

Hand Weapons
 e - a +0 club
 i - a cursed -2 hand axe (weapon)
Missiles
 b - 50 stones (quivered)
Armour
 c - a +0 robe
 h - a +0 leather armour (worn)
Scrolls
 g - a scroll of identify {unknown}
Potions
 a - a potion of agility {unknown}
 j - a potion of flight {unknown}
Comestibles
 d - 2 rations


   Skills:
 + Level 2.3 Dodging
 - Level 2.4 Stealth
 * Level 2.1 Spellcasting
   Level 0.8 Transmutations
 * Level 4.4 Earth Magic


You had 4 spell levels left.
You knew the following spells:

 Your Spells              Type           Power        Failure   Level  Hunger
a - Sandblast             Erth           ##....       4%          1    #......

Your spell library contained the following spells:

 Spells                   Type           Power        Failure   Level  Hunger
 Passwall                 Tmut/Erth      #.......     14%         2    ###....
 Stone Arrow              Conj/Erth      #.....       34%         3    ###....
 Petrify                  Tmut/Erth      #.......     67%         4    #####..
 Lee's Rapid Deconstruct  Erth           ##........   78%         5    ######.


Dungeon Overview and Level Annotations

Branches:
Dungeon (1/15)

Altars:


Innate Abilities, Weirdness & Mutations

You are resistant to damage.
You can heal yourself by infusing magical energy.
You passively map a small area around you.
You do not regenerate.


Message History

Aiming: Sandblast (safe; 4% risk of failure)
Press: ? - help, Shift-Dir - straight line, f - hobgoblin
Aim: a hobgoblin The blast of sand hits the hobgoblin but does no damage.
b - 50 stones The bat closely misses you.
The hobgoblin hits you.
* * * LOW HITPOINT WARNING * * *
The hobgoblin closely misses you. The hobgoblin misses you.
The quokka bites you.
You hit the ooze.
The ooze is moderately wounded.
You hit the hobgoblin but do no damage. You closely miss the quokka.
You barely miss the hobgoblin. The hobgoblin misses you.
The quokka closely misses you. The hobgoblin closely misses you.
The ooze hits you.
* * * LOW HITPOINT WARNING * * *
The hobgoblin hits you.
* * * LOW HITPOINT WARNING * * *
The quokka bites you.
You die...

...............)...#
...............?...#
...........$......#
....>......#.....#
......($.###....#
...<....# #K...#
....... #sbg.# ..


#grgg# * * #.@J.# * , * ###### You could see an ooze, a quokka, a giant
cockroach, 4 hobgoblins, a bat and a kobold.

Vanquished Creatures
  A dart slug (D:1)
  3 giant cockroaches
  3 hobgoblins (D:1)
  2 kobolds
  A frilled lizard (D:1)
  A goblin (D:1)
11 creatures vanquished.

Notes
Turn   | Place    | Note
-------+----------+-------------------------------------------
     0 | D:1      | Bronimir the Deep Dwarf Earth Elementalist began the quest
                  | for the Orb.
     0 | D:1      | Reached XP level 1. HP: 15/15 MP: 3/3
   230 | D:1      | Reached XP level 2. HP: 13/22 MP: 0/5
   356 | D:1      | You fall into a shaft and drop 1 floor!
   422 | D:2      | HP: 1/22 [hobgoblin (1)]
   422 | D:2      | Slain by a quokka

Levels and vault maps discovered:
D:1:      dpeg_arrival_rhombi, layout_basic
D:2:      layout_rooms, chequers_ecumenical_altar_island, first_ration

Skill      XL: |  1 |
---------------+----+-----
Spellcasting   | 2 |  2.1
Dodging        | |  2.3
Stealth        | |  2.4
Transmutations | |  0.8
Earth Magic    | |  4.4

Action                   || total
-------------------------++-------
Melee: Hand axe          ||     5
 Cast: Sandblast         ||    16
  Use: Scroll            ||     1
Armor: Leather armour    ||    13
Dodge: Dodged            ||    30
